 Dungeon Crawl Stone Soup version 0.23.2-33-g5129a83184 (webtiles) character file.

Game seed: 9099787825195416160

102 Atelerd the Magician (level 4, -9/37 HPs)
             Began as an Octopode Wizard on July 10, 2019.
             Killed by divine providence
             ... invoked by an orc priest
              (10 damage)
             ... on level 3 of the Dungeon.
             The game lasted 00:05:30 (3018 turns).

Atelerd the Magician (Octopode Wizard)              Turns: 3018, Time: 00:05:30

Health: -9/37      AC: 22    Str:  6    XL:     4   Next: 77%
Magic:  0/19       EV:  2    Int: 26    God:
Gold:   158        SH:  0    Dex: 17    Spells: 2/11 levels left

rFire    + . .     SeeInvis .   b - +0 dagger
rCold    + + .     Gourm    .   (no shield)
rNeg     + + +     Faith    .   (helmet currently unavailable)
rPois    +         Spirit   .   (no amulet)
rElec    +         Reflect  .   e - ring of resist corrosion
rCorr    +         Harm     .   g - ring of protection from fire
MR       .....     NoTele   +   i - ring of magical power
Stlth    +++.......             m - ring of ice
HPRegen  0.12/turn              (no ring)
MPRegen  0.16/turn              (no ring)
                                (no ring)
                                (no ring)

@: brilliant, agile, tree-form, resistant, very slightly contaminated, hasted,
very quick
A: almost no armour, stealthy swim, (amphibious), 8 rings, (constrict 8), agile
1, frail 1
a: no special abilities


You were on level 3 of the Dungeon.
You were very hungry.
You were a tree.
You visited 1 branch of the dungeon, and saw 3 of its levels.

You collected 158 gold pieces.

Inventory:

Hand Weapons
 b - a +0 dagger (weapon)
Missiles
 u - 4 curare-tipped needles
Armour
 a - a +0 hat (melded)
Jewellery
 e - a ring of resist corrosion (left branch)
 g - a ring of protection from fire (right branch)
 i - a ring of magical power (on tentacle)
 m - a ring of ice (on tentacle)
Scrolls
 d - 4 scrolls of identify {unknown}
 f - a scroll of amnesia {unknown}
 j - 3 scrolls of teleportation {unknown}
 k - a scroll of immolation {unknown}
 l - a scroll of fear {unknown}
 t - a scroll of enchant armour {unknown}
Potions
 p - 2 potions of lignification
Comestibles
 c - 7 rations


   Skills:
 - Level 1.3 Fighting
 - Level 0.3 Short Blades
 - Level 2.0 Dodging
 - Level 2.6 Stealth
 + Level 4.0 Spellcasting
 * Level 2.6 Conjurations
   Level 1.0 Summonings
 - Level 1.0 Translocations


You had 2 spell levels left.
You knew the following spells:

 Your Spells              Type           Power        Failure   Level  Hunger
a - Magic Dart            Conj           ####         1%          1    None
b - Mephitic Cloud        Conj/Pois/Air  ####....     2%          3    ##.....
c - Blink                 Tloc           N/A          1%          2    None
d - Conjure Flame         Conj/Fire      ####....     1%          3    ##.....

Your spell library contained the following spells:

 Spells                   Type           Power        Failure   Level  Hunger
 Call Imp                 Summ           ####....     1%          2    None
 Slow                     Hex            ###.....     1%          2    None


Dungeon Overview and Level Annotations

Branches:
Dungeon (3/15)

Altars:


Innate Abilities, Weirdness & Mutations

You cannot wear most types of armour.
You are very stealthy in the water. (Stealth+)
((You are amphibious.))
You can wear up to eight rings at the same time.
((You can use your tentacles to constrict eight enemies at once.))
((Your skin changes colour to match your surroundings (Stealth+).))
((Your rubbery body absorbs attacks. (AC +1, EV +1)))
((You are partially covered in iridescent scales. (AC +2)))
You are agile. (Dex +2)
You are frail. (-10% HP)


Message History

Unknown command.
Casting: Magic Dart (safe; 1% risk of failure)
Confirm with . or Enter, or press ? or * to list all spells.
Aiming: Magic Dart (safe; 1% risk of failure)
Press: ? - help, Shift-Dir - straight line, f - orc priest, p - orc wizard
Aim: an orc priest, wielding a +0 falchion The magic dart hits the orc priest.
The orc priest is lightly wounded.
The orc hits you but does no damage.
The orc wizard hits you but does no damage.
The orc hits you but does no damage.
Casting: Magic Dart (safe; 1% risk of failure)
Confirm with . or Enter, or press ? or * to list all spells.
You don't have enough magic to cast that spell.
Unknown command.
You closely miss the orc wizard.
The orc wizard is severely wounded.
The orc priest calls down the wrath of Beogh upon you.
Beogh smites you!
You die...

.# #.# ###.#
#......### .. #..
...# #....#.# #.
###
#.########.#.##.#
#..........#.##.#
#............##.#
#.#############.#
#.#)## #.
#.oo)### #.♣o...#
###o##.# #.##.#
#.##.# #.##.#
#.##.# #.##.#
..##.# #.####


You could see an orc priest, an orc wizard and 2 orcs.

Vanquished Creatures
  A worker ant zombie (D:2)
  2 adders
  3 adder zombies (D:2)
  3 dart slugs
  3 orcs (D:3)
  2 bat skeletons (D:2)
  2 giant cockroaches
  7 goblins
  6 hobgoblins (D:1)
  9 kobolds
  A quokka (D:2)
  8 bats
  3 frilled lizards
  A giant cockroach zombie (D:2)
  A leopard gecko skeleton (D:2)
  2 rats
54 creatures vanquished.

Notes
Turn   | Place    | Note
-------+----------+-------------------------------------------
     0 | D:1      | Atelerd the Octopode Wizard began the quest for the Orb.
     0 | D:1      | Reached XP level 1. HP: 11/11 MP: 4/4
   460 | D:1      | Reached XP level 2. HP: 18/18 MP: 1/6
   662 | D:1      | Reached skill level 1 in Fighting
   662 | D:1      | Reached XP level 3. HP: 5/23 MP: 0/8
   667 | D:1      | Learned a level 3 spell: Mephitic Cloud
   670 | D:1      | Learned a level 2 spell: Blink
   674 | D:1      | Learned a level 3 spell: Conjure Flame
  2081 | D:2      | Reached XP level 4. HP: 26/28 MP: 9/9
  2689 | D:3      | Reached skill level 4 in Spellcasting
  3003 | D:3      | HP: 1/28 [orc wizard/+4 dagger (6)]
  3009 | D:3      | Gained mutation: You are frail. (-10% HP) [potion of
                  | mutation]
  3009 | D:3      | Gained mutation: You are agile. (Dex +2) [potion of
                  | mutation]
  3009 | D:3      | Gained mutation: You are partially covered in iridescent
                  | scales. (AC +2) [potion of mutation]
  3013 | D:3      | HP: 1/37 [orc priest/divine providence (12)]
  3018 | D:3      | Killed from afar by an orc priest

Skill      XL: |  1  2  3  4 |
---------------+-------------+-----
Fighting       | 1 |  1.3
Conjurations   | 2 |  2.6
Spellcasting   | 4 |  4.0
Short Blades   | |  0.3
Dodging        | |  2.0
Stealth        | |  2.6
Summonings     | |  1.0
Translocations | |  1.0

Action                   |  1- 3 |  4- 6 || total
-------------------------+-------+-------++-------
Melee: Unarmed           |    10 |       ||    10
       Dagger            |    59 |    37 ||    96
       Constrict         |    19 |     8 ||    27
       Tentacles         |    12 |     1 ||    13
 Cast: Magic Dart        |    37 |    27 ||    64
       Mephitic Cloud    |       |     4 ||     4
       Blink             |       |     2 ||     2
  Use: Potion            |       |     8 ||     8
 Stab: Sleeping          |     9 |     4 ||    13
  Eat: Chunk             |     4 |     2 ||     6
Armor: Skin              |    21 |    26 ||    47
Dodge: Dodged            |    76 |    26 ||   102
